 Dungeon Crawl Stone Soup version 0.20.1-1-g8b1a95d (webtiles) character file.

81 TlMTHEENCHANTER the Insei (level 4, -3/28 HPs)
             Began as an Octopode Transmuter on July 6, 2017.
             Was a Believer of Uskayaw.
             Slain by ANON1729's ghost (7 damage)
             ... on level 3 of the Dungeon.
             The game lasted 00:13:52 (3078 turns).

TlMTHEENCHANTER the Insei (Octopode Transmuter)     Turns: 3078, Time: 00:13:53

Health: -3/28      AC:  1    Str:  9    XL:     4   Next: 42%
Magic:  3/7        EV: 13    Int: 15    God:    Uskayaw [**....]
Gold:   126        SH:  0    Dex: 13    Spells: 4/7 levels left

rFire    . . .     SeeInvis .     - Unarmed
rCold    . . .     Gourm    .   (no shield)
rNeg     . . .     Faith    .   (helmet restricted)
rPois    .         Spirit   .   (no amulet)
rElec    .         Reflect  .   (no ring)
rCorr    .         Harm     .   (no ring)
MR       .....                  (no ring)
Stlth    ++........             (no ring)
Regen    0.1/turn               (no ring)
MPRegen  0.1/turn               (no ring)
                                (no ring)
                                (no ring)

@: appendage
A: almost no armour, stealthy swim, amphibious, 8 rings, constrict 8, tentacle
spike 3, camouflage 1, gelatinous body 1
a: End Transformation, Stomp, Line Pass, Renounce Religion


You were on level 3 of the Dungeon.
You worshipped Uskayaw.
Uskayaw was noncommittal.
You were not hungry.
One of your tentacles had a temporary spike.
You visited 1 branch of the dungeon, and saw 3 of its levels.

You collected 126 gold pieces.

Inventory:

Missiles
 a - 27 arrows
 g - 8 curare-tipped needles
 j - 110 stones (quivered)
Scrolls
 f - 2 scrolls of identify
 i - a scroll of teleportation
 n - a scroll of enchant weapon {unknown}
Potions
 d - a potion of might {unknown}
 e - a potion of haste
 k - a potion of brilliance {unknown}
 l - a potion of flight {unknown}
 m - a potion of heal wounds {unknown}
 p - 2 potions of curing
Books
 b - a book of Changes

   Spells                             Type                      Level
   a - Beastly Appendage              Transmutation                1
   b - Sticks to Snakes               Transmutation                2
   c - Spider Form                    Transmutation/Poison         3
   d - Ice Form                       Ice/Transmutation            4
   e - Blade Hands                    Transmutation                5
Comestibles
 c - 3 bread rations
 h - 2 meat rations
 o - a royal jelly
 q - 2 chunks of flesh


   Skills:
 - Level 1.0 Fighting
 - Level 2.0 Dodging
 * Level 4.4 Unarmed Combat
 - Level 2.0 Spellcasting
 + Level 3.1 Transmutations


You had 4 spell levels left.
You knew the following spells:

 Your Spells              Type           Power        Failure   Level  Hunger
a - Beastly Appendage     Tmut           ##....       6%          1    #......
b - Sticks to Snakes      Tmut           ##......     10%         2    ###....


Dungeon Overview and Level Annotations

Branches:
Dungeon (3/15)

Altars:
Trog
Uskayaw

Annotations:
D:3 exclusion: player ghost, ANON1729's ghost, amateur TeCj


Innate Abilities, Weirdness & Mutations

You cannot wear most types of armour.
You are very stealthy in the water. (Stealth+)
You are amphibious.
You can wear up to eight rings at the same time.
You can use your tentacles to constrict eight enemies at once.
Your skin changes colour to match your surroundings (Stealth+).
Your rubbery body absorbs attacks. (AC +1, EV +1)
One of your tentacles bears a large vicious spike.


Message History

You completely miss ANON1729's ghost.
You pierce ANON1729's ghost, but do no damage.
ANON1729's ghost is moderately damaged.
Your ball python barely misses ANON1729's ghost.
ANON1729's ghost casts a spell at you. The magic dart hits you!
* * * LOW HITPOINT WARNING * * *
Unknown command.
You tentacle-slap ANON1729's ghost. Your squeeze misses ANON1729's ghost.
ANON1729's ghost is moderately damaged.
Your ball python bites ANON1729's ghost but does no damage.
ANON1729's ghost barely misses your ball python.
Unknown command.
Unknown command.
Unknown command.
You tentacle-slap ANON1729's ghost.
ANON1729's ghost is heavily damaged.
Your ball python bites ANON1729's ghost.
ANON1729's ghost hits you!
You die...

#.#....# ##.#..#.#..#.#.#.##
#)#....### #....#.#....#.#.#
).)(....... ##...#.#<.###.#.#
............ #...#.##.# ..#.#
.()......... ##..#.##.# ###.#
..............###..#.##.#.###.##
..............'...>..##.#......#
...W.##.......###.#####.#.######
l....# ........S@S#####.##
....## #########W#....... #####
...........## # ............# #
............# ...$........#
............# .W...........w
....%.......###


You could see ANON1729's ghost and 2 friendly ball pythons.

Vanquished Creatures
  A gnoll (D:1)
  2 adders (D:2)
  2 dart slugs
  A leopard gecko (D:3)
  4 orcs (D:3)
  3 giant cockroaches
  9 goblins
  4 hobgoblins
  6 kobolds
  3 bats
  3 frilled lizards
  7 rats
45 creatures vanquished.

Notes
Turn   | Place    | Note
-------+----------+-------------------------------------------
     0 | D:1      | TlMTHEENCHANTER the Octopode Transmuter began the quest for the Orb.
     0 | D:1      | Reached XP level 1. HP: 13/13 MP: 3/3
   299 | D:1      | Reached XP level 2. HP: 15/18 MP: 5/5
   721 | D:1      | Reached XP level 3. HP: 5/23 MP: 4/6
  1234 | D:1      | Learned a level 2 spell: Sticks to Snakes
  1486 | D:2      | Reached skill level 4 in Unarmed Combat
  1940 | D:2      | Found a faded altar of an unknown god.
  1945 | D:2      | Became a worshipper of Uskayaw the Reveler
  1945 | D:2      | Reached * piety under Uskayaw
  2204 | D:2      | Reached ** piety under Uskayaw
  2205 | D:2      | Reached XP level 4. HP: 23/28 MP: 7/7
  2531 | D:3      | Noticed ANON1729's ghost (amateur TeCj)
  2649 | D:3      | Reached *** piety under Uskayaw
  2950 | D:3      | Found a bloodstained altar of Trog.
  3078 | D:3      | Slain by ANON1729's ghost

Skill      XL: |  1  2  3  4 |
---------------+-------------+-----
Unarmed Combat | 4 |  4.4
Transmutations | 3 |  3.1
Fighting       | |  1.0
Dodging        | |  2.0
Spellcasting   | |  2.0

Action                   |  1- 3 |  4- 6 || total
-------------------------+-------+-------++-------
Melee: Unarmed           |    73 |    45 ||   118
       Constrict         |    16 |    11 ||    27
       Tentacles         |     9 |     7 ||    16
       Kick              |     2 |     9 ||    11
Throw: Stone             |    19 |    14 ||    33
 Cast: Beastly Appendage |     2 |     2 ||     4
       Sticks to Snakes  |       |     2 ||     2
Invok: Stomp             |       |     1 ||     1
  Use: Scroll            |     1 |     4 ||     5
 Stab: Sleeping          |     1 |     2 ||     3
       Paralysed         |       |     1 ||     1
  Eat: Chunk             |     2 |     3 ||     5
       Royal jelly       |     1 |       ||     1
Armor: Skin              |     6 |     2 ||     8
Dodge: Dodged            |    38 |    18 ||    56
